 Dungeon Crawl Stone Soup version 0.17-a0-18-gc25b939 (webtiles) character file.

1364 Chiseanne the Ducker (level 8, 78/78 HPs)
             Began as a Troll Wanderer on Mar 11, 2015.
             Was an Initiate of Gozag.
             Quit the game in the Ecumenical Temple.
             The game lasted 00:19:08 (4632 turns).

Chiseanne the Ducker (Troll Wanderer)               Turns: 4632, Time: 00:19:09

Health: 78/78      AC:  9    Str: 20    XL:     8   Next: 38%
Magic:  6/6        EV: 11    Int: 11    God:    Gozag
Gold:   99         SH:  0    Dex:  9    Spells: 3 memorised, 2 levels left

rFire  . . .     SeeInvis .       - Unarmed
rCold  . . .     Clarity  .     a - +1 robe
rNeg   + . .     SustAb   .     (shield restricted)
rPois  +         Gourm    +     (helmet restricted)
rElec  .         Spirit   .     D - +2 cloak
rCorr  .         Warding  .     (gloves unavailable)
rMut   .         Stasis   .     (boots unavailable)
MR     .....                    i - amulet of rage (curse)
Stlth  +.........               u - ring of positive energy
                                k - ring of poison resistance

@: not resistant to hostile enchantments, very unstealthy
A: unfitting armour, claws 3, fast metabolism 3, gourmand, regeneration 2,
shaggy fur 1, tough skin 2
a: Potion Petition, Call Merchant, Bribe Branch, Renounce Religion, Evoke
Berserk Rage


You were in the Ecumenical Temple.
You worshipped Gozag.
Gozag was noncommittal.
You were full.

You visited 2 branches of the dungeon, and saw 6 of its levels.

You collected 227 gold pieces.
You paid 128 gold pieces to Gozag.

Inventory:

Hand weapons
 w - a +0 blowgun
 E - a +0 short sword of venom
Missiles
 h - 10 sling bullets
 m - 38 arrows
 z - 26 poisoned needles
 F - 21 bolts
Armour
 a - a +1 robe (worn)
 D - a +2 cloak (worn)
Jewellery
 i - a cursed amulet of rage (around neck)
 k - a ring of poison resistance (left claw)
 u - a ring of positive energy (right claw)
Scrolls
 b - 2 scrolls of fear
 g - 2 scrolls of teleportation
 j - 2 scrolls of amnesia
 l - a scroll of magic mapping {unknown}
 o - a scroll of enchant weapon
 t - a scroll of immolation {unknown}
 v - a scroll of enchant armour
 y - a scroll of fog {unknown}
 I - a scroll of blinking
Potions
 c - 3 potions of haste {unknown}
 d - 5 potions of curing
 n - a potion of magic
 p - 3 potions of cancellation
 q - a potion of brilliance {unknown}
 s - a potion of resistance {unknown}
 x - a potion of agility {unknown}
 A - a potion of might {unknown}
 B - a potion of restore abilities {unknown}
 G - a potion of poison {unknown}
Books
 H - a book of Air

   Spells                             Type                      Level
   a - Shock                          Conjuration/Air              1
   b - Swiftness                      Charms/Air                   2
   c - Repel Missiles                 Charms/Air                   2
   d - Flight                         Charms/Air                   3
   e - Static Discharge               Conjuration/Air              3
   f - Lightning Bolt                 Conjuration/Air              5
Comestibles
 e - 5 bread rations
 f - 5 meat rations
 r - 3 beef jerkies
 C - 2 fruits


   Skills:
 * Level 3.9 Fighting
   Level 1.0 Long Blades
 - Level 1.0 Throwing
 * Level 5.6 Dodging
 - Level 1.7 Stealth
 * Level 5.5 Unarmed Combat
 - Level 1.2 Spellcasting
   Level 1.3 Transmutations
   Level 1.0 Earth Magic


You had 2 spell levels left.
You knew the following spells:

 Your Spells              Type           Power        Failure   Level  Hunger
a - Repel Missiles        Chrm/Air       #.....       56%         2    ###....
b - Swiftness             Chrm/Air       #.......     56%         2    ###....
c - Flight                Chrm/Air       #.........   90%         3    ####...


Dungeon Overview and Level Annotations

Branches:
Dungeon (5/15)             Temple (1/1) D:5

Altars:
Ashenzari
Cheibriados
Dithmenos
Elyvilon
Fedhas
Gozag
Kikubaaqudgha
Makhleb
Nemelex Xobeh
Okawaru
Ru
Sif Muna
Trog
Vehumet
Xom
Yredelemnul
Zin
The Shining One

Shops:
D:4 =


Innate Abilities, Weirdness & Mutations

You are too large for most types of armour.
You have claws for hands.
Your metabolism is lightning-fast.
You like to eat raw meat.
You heal very quickly.
You are covered in fur (AC +1).
You have very tough skin (AC +2).


Message History

There is a staircase back to the Dungeon here.
You open the door.
Found six altars.
Found four altars.
There is an open door here.
Found a deep blue altar of Sif Muna and a white marble altar of Elyvilon.
Found a bloodstained altar of Trog.
There is a blossoming altar of Fedhas here.
Found an opulent altar of Gozag and a shattered altar of Ashenzari.
Found a shimmering altar of Xom.
There is a shadowy altar of Dithmenos here.
Found a glowing silver altar of Zin and a basalt altar of Yredelemnul.
There is a sacrificial altar of Ru here.
There is a burning altar of Makhleb here.
There is a bloodstained altar of Trog here.
There is an opulent altar of Gozag here.
You kneel at the altar of Gozag.
Gozag welcomes you!
You pay a service fee of 128 gold.
Gozag offers you a free set of potion effects!
Are you sure you want to abandon this character and quit the game? (Confirm with "yes".)

......P....♣P.....P..♣♣♣
.......♣..........♣....♣♣♣♣
.....................P..PP♣♣
♣.........♣......♣♣♣......P♣♣♣
.....#################......P♣
.....8.#.............#...♣P.♣♣
P......#._._._._._._.#.P♣♣♣.♣♣
.....8.#.............#...♣♣..♣♣
.......'._._._._@_._.#♣♣..♣...♣
.....8.#.............# ♣♣...♣♣♣
.......#._._._._._._.#♣♣....♣
.....8.#.............#P.♣.P♣♣
.....#################...PP.♣
...................P....PPPP♣
♣♣♣♣♣♣.P.....♣.........♣♣♣♣
♣♣♣♣.PP......♣♣♣♣♣♣ ♣♣♣♣♣♣♣♣♣♣♣


There were no monsters in sight!

Vanquished Creatures
  The ghost of espenoss the Shooter, an experienced CeHu (D:4)
  3 ogres
  A centaur (D:5)
  The ghost of espenoss the Shooter, an average HEHu (D:3)
  Sigmund (D:2)
  A centaur zombie (D:5)
  2 hounds (D:4)
  An orc priest (D:3)
  2 orc wizards (D:3)
  3 worker ants
  Jessica (D:2)
  Terence (D:2)
  A hound skeleton (D:4)
  5 adders
  6 gnolls (D:4)
  A shadow imp (D:5)
  2 worms (D:2)
  A giant mite (D:5)
  An adder skeleton (D:5)
  An adder zombie (D:5)
  4 giant geckos
  3 oozes
  22 orcs
  7 bats
  3 giant cockroaches
  18 goblins
  14 hobgoblins
  9 jackals
  2 quokkas
  A ball python (D:3)
  A giant newt (D:2)
  14 kobolds
  13 rats
147 creatures vanquished.

Notes
Turn   | Place    | Note
--------------------------------------------------------------
     0 | D:1      | Chiseanne, the Troll Wanderer, began the quest for the Orb.
     0 | D:1      | Chiseanne set off with: a +2 dagger, a scroll of fear, a potion of lignification, a potion of curing, a +0 robe, 2 meat rations
     0 | D:1      | Reached XP level 1. HP: 16/16 MP: 2/2
   134 | D:1      | Reached skill level 1 in Unarmed Combat
   627 | D:2      | Reached XP level 2. HP: 26/26 MP: 2/2
   858 | D:2      | Noticed Jessica
   864 | D:2      | Killed Jessica
   864 | D:2      | Reached skill level 1 in Fighting
   864 | D:2      | Reached skill level 1 in Dodging
   864 | D:2      | Reached XP level 3. HP: 28/33 MP: 3/3
   986 | D:2      | Reached skill level 2 in Unarmed Combat
  1092 | D:2      | Reached XP level 4. HP: 41/41 MP: 4/4
  1272 | D:2      | Noticed Sigmund
  1374 | D:2      | Noticed Terence
  1383 | D:2      | Killed Terence
  1699 | D:3      | Noticed espenoss' ghost (average HEHu)
  1751 | D:2      | Killed Sigmund
  1751 | D:2      | Reached XP level 5. HP: 38/49 MP: 4/4
  1845 | D:3      | Reached skill level 3 in Unarmed Combat
  2270 | D:3      | Reached XP level 6. HP: 37/57 MP: 5/5
  2550 | D:3      | Killed espenoss' ghost
  2607 | D:4      | Noticed espenoss' ghost (experienced CeHu)
  2926 | D:4      | Reached skill level 4 in Dodging
  2926 | D:4      | Reached XP level 7. HP: 66/66 MP: 5/5
  3244 | D:4      | Killed espenoss' ghost
  3244 | D:4      | Reached skill level 5 in Dodging
  3299 | D:4      | Found Camucief's Jewellery Emporium.
  3446 | D:4      | Reached XP level 8. HP: 72/75 MP: 6/6
  3623 | D:5      | Entered Level 5 of the Dungeon
  3699 | D:5      | Reached skill level 5 in Unarmed Combat
  4264 | D:5      | Learned a level 2 spell: Repel Missiles
  4267 | D:5      | Learned a level 2 spell: Swiftness
  4271 | D:5      | Learned a level 3 spell: Flight
  4420 | D:5      | Found a staircase to the Ecumenical Temple.
  4531 | Temple   | Entered the Ecumenical Temple
  4628 | Temple   | Became a worshipper of Gozag Ym Sagoz the Greedy
  4632 | Temple   | Quit the game

Action                   |  1- 3 |  4- 6 |  7- 9 || total
-------------------------+-------+-------+-------++-------
Melee: Unarmed           |    88 |   292 |   197 ||   577
       Dagger            |     2 |       |       ||     2
 Fire: Blowgun           |       |       |     8 ||     8
  Use: Scroll            |       |     8 |       ||     8
       Potion            |       |     1 |       ||     1
  Eat: Chunk             |    15 |    18 |    13 ||    46
